 Dungeon Crawl Stone Soup version 0.31.0-11-ge490571c62 (webtiles) character file.

Game seed: 14223816396044668997

1560 Warped the Cleaver (level 9, -1/64 HPs)
             Began as a Formicid Fighter on Jan 27, 2024.
             Was a Follower of Makhleb.
             Slain by an iguana (11 damage)
             ... on level 6 of the Dungeon.
             The game lasted 00:06:12 (5869 turns).

Warped the Cleaver (Formicid Fighter)               Turns: 5869, Time: 00:06:12

Health: -1/64      AC: 10    Str: 22    XL:     9   Next: 12%
Magic:  9/9        EV:  8    Int:  9    God:    Makhleb [*.....]
Gold:   279        SH:  9    Dex: 15    Spells: 8/8 levels left

rFire   . . .        a - +0 war axe
rCold   + . .        q - +0 kite shield
rNeg    . . .        p - +0 scale mail {rC+}
rPois   +            (helmet unavailable)
rElec   .            s - +2 cloak {rPois}
rCorr   .            (no gloves)
SInv    +            (no boots)
Will    .....        (no amulet) Stlth
                     m - ring of poison resistance
HPRegen 0.30/turn    (no ring)
MPRegen 0.11/turn

%: no passive effects
@: no status effects
A: permanent stasis, dig shafts and tunnels, antennae 3, four strong arms
a: Dig, Shaft Self, Renounce Religion


You were on level 6 of the Dungeon.
You worshipped Makhleb.
Makhleb was aware of your devotion.
You visited 2 branches of the dungeon, and saw 7 of its levels.

You collected 398 gold pieces.
You spent 119 gold pieces at shops.

Inventory:

Hand Weapons
 a - a +0 war axe (weapon)
 b - a +0 hammer
 l - a +0 sling
 r - a +2 quarterstaff of chaos
 t - a +0 orcbow
 x - a +2 short sword of venom
Missiles
 e - 65 stones
Armour
 c - a +0 buckler
 p - a +0 scale mail of cold resistance (worn)
 q - a +0 kite shield (worn)
 s - a +2 cloak of poison resistance (worn)
Jewellery
 m - a ring of poison resistance (left hand)
Wands
 g - a wand of flame (31)
 o - a wand of paralysis (5)
 v - a wand of digging (5)
 y - a wand of iceblast (10)
Scrolls
 f - a scroll of identify
 i - 2 scrolls of teleportation
Potions
 d - 2 potions of might
 h - a potion of enlightenment
 j - 2 potions of heal wounds
 n - a potion of lignification
 u - 2 potions of attraction
 w - a potion of brilliance
 z - a potion of degeneration {unknown}


   Skills:
 + Level 3.4 Fighting
 * Level 10.8 Axes
 + Level 3.4 Armour
 + Level 0.5 Dodging
 + Level 4.2 Shields


You had 8 spell levels left.
You didn't know any spells.
Your spell library contained the following spells:

 Spells                   Type           Power      Damage    Failure   Level
 Kiss of Death            Conj/Necr      0%         2d5       93%         1
 Shock                    Conj/Air       0%         1d3       93%         1
 Cigotuvi's Dreadful Rot  Necr/Alch/Air  0%         N/A       98%         2
 Confusing Touch          Hex            0%         N/A       100%        3
 Airstrike                Air            0%         2d(0-16)  100%        4
 Dispel Undead            Necr           0%         3d6       100%        4
 Ignite Poison            Fire/Alch      0%         N/A       100%        4
 Freezing Cloud           Conj/Ice/Air   0%         6-21      100%        5
 Swiftness                Air            Unusable   N/A       N/A         3

Dungeon Overview and Level Annotations

Branches:
Dungeon (6/15)             Temple (1/1) D:4

Altars:
Dithmenos
Elyvilon
Gozag
Hepliaklqana
Kikubaaqudgha
Makhleb
Nemelex Xobeh
Ru
Trog
Uskayaw
Wu Jian
Xom
Yredelemnul
Zin

Shops:
D:3 !   D:6 [


Innate Abilities, Weirdness & Mutations

You cannot be hasted, slowed, berserked, paralysed or teleported.
You can dig through walls and to a lower floor.
You have a pair of large antennae on your head. (SInv)
Your four strong arms can wield two-handed weapons with a shield.


Message History

* * * LOW HITPOINT WARNING * * *
You block the iguana's attack.
The water moccasin bites you but does no damage.
The iguana barely misses you. You block the iguana's attack.
You feel much better.
The water moccasin bites you but does no damage.
You block the iguana's attack. The iguana bites you.
Unknown command.
You slash the water moccasin!
The water moccasin is severely wounded.
You barely miss the iguana. You hit the iguana but do no damage.
You block the water moccasin's attack. The iguana bites you.
The iguana bites you but does no damage.
Unknown command.
You hit the water moccasin.
The water moccasin is almost dead.
You hit the iguana but do no damage. x2; The water moccasin bites you.
The water moccasin bites you but does no damage.
The iguana barely misses you. x2
Unknown command.
You completely miss the water moccasin.
The water moccasin is almost dead.
You hit the iguana but do no damage. You barely miss the iguana.
The water moccasin bites you. The iguana bites you.
The iguana bites you but does no damage.
Unknown command.
You miss the water moccasin.
The water moccasin is almost dead.
You slash the iguana!
You kill the iguana!
Makhleb accepts your kill.
You closely miss the iguana. The water moccasin bites you!
* * * LOW HITPOINT WARNING * * *
You block the water moccasin's attack. The iguana bites you.
* * * LOW HITPOINT WARNING * * *
The water moccasin attacks as it pursues you!
The water moccasin bites you.
* * * LOW HITPOINT WARNING * * *
The iguana attacks as it pursues you! The iguana bites you!
You die...

#..............###8...'..##..#
#######<##########....#.....##
### ###.....#.#####
############.#_.⌠.##.#
####............#....#.##
.......†........##..####
####...........######
#........#....##.l)######
#.#...#..#.#....@S)......{
#..#.#..##...###.†)...?..
#...∩.....>### #.........
#..#.#..#.## #[........
..#...#...# #.........
.........## #.........
.........# #.........
########## #.........


You could see a water moccasin and an iguana.

Vanquished Creatures
  Grinder (D:5)
  Eustachio (D:4)
  An ice beast (D:5)
  A black bear (D:5)
  An ogre (D:5)
  A centaur (D:4)
  A phantom (D:5)
  2 scorpions
  2 bombardier beetles
  A howler monkey (D:5)
  An orc priest (D:5)
  A hound (D:5)
  Crazy Yiuf (D:3)
  A gnoll bouda (D:6)
  Terence (D:3)
  4 orc wizards
  3 iguanas
  7 adders
  8 gnolls (D:6)
  2 white imps
  3 ribbon worms (D:3)
  4 dart slugs
  10 orcs
  8 endoplasms
  2 giant cockroaches
  6 goblins
  9 hobgoblins
  6 jackals
  3 quokkas
  4 ball pythons
  8 bats
  3 frilled lizards (D:1)
  6 kobolds
  6 rats
119 creatures vanquished.

Vanquished Creatures (others)
  A howler monkey (D:5)
  A bombardier beetle (D:5)
  A hound (D:5)
3 creatures vanquished.

Grand Total: 122 creatures vanquished

Notes
Turn   | Place    | Note
-------+----------+-------------------------------------------
     0 | D:1      | Warped the Formicid Fighter began the quest for the Orb.
     0 | D:1      | Reached XP level 1. HP: 18/18 MP: 1/1
   129 | D:1      | Reached XP level 2. HP: 22/24 MP: 2/2
   210 | D:1      | Reached skill level 3 in Axes
   270 | D:1      | Found a faded altar of an unknown god.
   504 | D:1      | Reached XP level 3. HP: 29/29 MP: 3/3
  1199 | D:2      | Identified the +2 helmet of the Eagle {rC+}
  1453 | D:2      | Reached skill level 4 in Axes
  1453 | D:2      | Reached XP level 4. HP: 33/35 MP: 4/4
  1898 | D:3      | Noticed Terence
  1904 | D:3      | Killed Terence
  1905 | D:3      | Reached XP level 5. HP: 28/37 MP: 5/5
  2439 | D:3      | Reached skill level 5 in Axes
  2464 | D:3      | Found Usoiph's Distillery.
  2467 | D:3      | Bought a potion of heal wounds for 65 gold pieces
  2713 | D:3      | Found a runed translucent door.
  2714 | D:3      | Noticed Crazy Yiuf
  2722 | D:3      | Killed Crazy Yiuf
  2828 | D:4      | Noticed Eustachio
  2846 | D:4      | Killed Eustachio
  2847 | D:4      | Reached skill level 6 in Axes
  2847 | D:4      | Reached XP level 6. HP: 45/47 MP: 6/6
  2858 | D:4      | Found a glowing silver altar of Zin.
  3056 | D:4      | Reached skill level 7 in Axes
  3056 | D:4      | Reached XP level 7. HP: 52/52 MP: 7/7
  3193 | D:4      | Found a staircase to the Ecumenical Temple.
  3199 | Temple   | Entered the Ecumenical Temple
  3209 | Temple   | Became a worshipper of Makhleb the Destroyer
  3816 | D:5      | Entered Level 5 of the Dungeon
  3848 | D:5      | Noticed Grinder
  3868 | D:5      | Killed Grinder
  3869 | D:5      | Reached skill level 8 in Axes
  4014 | D:5      | Found a sparkling altar of Nemelex Xobeh.
  4058 | D:5      | Reached XP level 8. HP: 58/58 MP: 8/8
  4099 | D:5      | Reached skill level 9 in Axes
  4187 | D:5      | Found a shimmering altar of Xom.
  4649 | D:5      | Reached skill level 10 in Axes
  5517 | D:6      | Found a basalt altar of Yredelemnul.
  5517 | D:6      | Found a hazy altar of Hepliaklqana.
  5622 | D:6      | Reached XP level 9. HP: 31/64 MP: 9/9
  5756 | D:6      | Reached * piety under Makhleb
  5797 | D:6      | Found Taesch's Armour Shoppe.
  5814 | D:6      | Bought a +0 kite shield for 54 gold pieces
  5869 | D:6      | Slain by an iguana

Illustrated notes

Levels and vault maps discovered:
D:1:      onia_arrival_pyramid, layout_basic, shapermc_ecumenical_altar_ellora,
          kennysheep_another_room, minmay_misc_feat_hallway,
          minmay_misc_feat_nine_boxes
D:2:      layout_loops_ring, minmay_cut_off
D:3:      layout_basic, serial_shops, nicolae_shop_behind_doors,
          grunt_ministairs_14, uniq_terence, uniq_crazy_yiuf_cottage
D:4:      layout_gridville, mainiacjoe_overflow_alcove_1, temple_green,
          kennysheep_nub, dk_noncrumbling_3, nicolae_houndstooth_variations,
          uniq_eustachio
D:5:      layout_layer_cave, xom_confusion_cloud, amcnicky_altar_gilded,
          uniq_grinder
D:6:      layout_basic, gammafunk_temple_overflow_pools, serial_shops,
          nicolae_shop_advertising_works [nicolae_subvault_shop_adworks],
          item_on_display_a
Temple:   compressed_dpeg_triangle_lava_temple

Skill      XL: |  1  2  3  4  5  6  7  8 |
---------------+-------------------------+-----
Axes           | 3 4 6 7 8 10 | 10.8
Fighting       | |  3.4
Armour         | |  3.4
Dodging        | |  0.5
Shields        | |  4.2

Action                     |  1- 3 |  4- 6 |  7- 9 || total
---------------------------+-------+-------+-------++-------
  Melee: War axe           |   108 |   124 |   211 ||   443
  Evoke: Wand              |       |     2 |       ||     2
    Use: Potion            |       |     1 |     2 ||     3
         Scroll            |       |       |     8 ||     8
   Stab: Paralysed         |       |     6 |       ||     6
 Armour: Scale mail        |    73 |    80 |   201 ||   354
  Dodge: Dodged            |    65 |    45 |   113 ||   223
  Block: Buckler           |    29 |    26 |    48 ||   103
         Kite shield       |       |       |    21 ||    21
